 Dungeon Crawl Stone Soup version 0.20.0-15-g7f486f2 (webtiles) character file.

169 Hook the Magician (level 5, -1/40 HPs)
             Began as a Draconian Wizard on June 22, 2017.
             Killed from afar by Natasha (7 damage)
             ... with a magic dart
             ... on level 3 of the Dungeon.
             The game lasted 00:13:39 (3632 turns).

Hook the Magician (Draconian Wizard)                Turns: 3632, Time: 00:13:40

Health: -1/40      AC:  6    Str: 10    XL:     5   Next: 25%
Magic:  4/11       EV: 12    Int: 18    God:
Gold:   200        SH:  0    Dex: 10    Spells: 7/12 levels left

rFire    . . .     SeeInvis .   e - +0 hand axe
rCold    + . .     Gourm    .   (no shield)
rNeg     . . .     Faith    .   (armour unavailable)
rPois    .         Spirit   .   a - +0 hat
rElec    .         Reflect  .   (no cloak)
rCorr    .         Harm     .   (no gloves)
MR       .....                  o - +0 pair of boots
Stlth    ++........             (no amulet)
Regen    0.2/turn               n - ring of protection from cold
MPRegen  0.2/turn               (no ring)

@: no status effects
A: unfitting armour, cold-blooded, AC +5
a: no special abilities


You were on level 3 of the Dungeon.
You were not hungry.

You visited 1 branch of the dungeon, and saw 3 of its levels.

You collected 200 gold pieces.

Inventory:

Hand Weapons
 e - a +0 hand axe (weapon)
Armour
 a - a +0 hat (worn)
 o - a +0 pair of boots (worn)
Jewellery
 n - a ring of protection from cold (left hand)
Scrolls
 f - 4 scrolls of identify
 j - 3 scrolls of teleportation
 k - 2 scrolls of recharging
Potions
 i - a potion of heal wounds {unknown}
 l - a potion of agility {unknown}
 m - a potion of might {unknown}
 p - a potion of berserk rage {unknown}
Books
 b - a book of Minor Magic

   Spells                             Type                      Level
   a - Magic Dart                     Conjuration                  1
   b - Blink                          Translocation                2
   c - Call Imp                       Summoning                    2
   d - Slow                           Hexes                        2
   e - Conjure Flame                  Conjuration/Fire             3
   f - Mephitic Cloud                 Conjuration/Poison/Air       3
Comestibles
 d - 4 fruits
 g - 2 royal jellies
 h - a meat ration


   Skills:
 + Level 1.2 Fighting
 + Level 1.8 Axes
 * Level 2.8 Dodging
 + Level 2.2 Stealth
 + Level 4.0 Spellcasting
 + Level 1.7 Conjurations
 + Level 1.2 Summonings
 + Level 1.1 Translocations


You had 7 spell levels left.
You knew the following spells:

 Your Spells              Type           Power        Failure   Level  Hunger
a - Magic Dart            Conj           #...         8%          1    None
b - Blink                 Tloc           N/A          14%         2    ##.....
c - Call Imp              Summ           #.......     14%         2    ##.....


Dungeon Overview and Level Annotations

Branches:
Dungeon (3/15)

Altars:
Xom

Annotations:
D:3 Natasha


Innate Abilities, Weirdness & Mutations

Your plain brown scales are hard. (AC +5)
You cannot fit into any form of body armour.
You are cold-blooded and may be slowed by cold attacks.


Message History

The magic dart hits you!
* * * LOW HITPOINT WARNING * * *
Natasha casts a spell at you.
You feel yourself slow down.
Natasha mumbles some strange words.
You feel troubled.
Natasha mumbles some strange words.
The crimson imp puffs mist at you.
The crimson imp grinds its teeth.
The crimson imp blinks!
The shadow imp shouts, "Crawl home, thou wayward weevil-witted guttersnipe!"
The shadow imp misses you.
The shadow imp disappears in a puff of smoke!
The white imp shouts, "Go and return not, thou vain saucy snake-molt!"
The white imp grinds its teeth.
You feel yourself speed up.
The white imp disappears in a puff of smoke!
Natasha casts a spell at you. The magic dart hits you!
You die...

####........##
#############.....#.#.#.##
#..........5h.##......#...
#.#.#h#######.......######
#.#.#.#.......##...## #
#.#.#5#.....[.###.## #
#.#.#.#........##.########
#.#.#h#.....[<.......[....
#.#..#ยง..@.........#######
#.###.#...................
#.# #.#............#######
#.# #.####.#...##.## #####
#.###.# ##.#...##.# #....
#.....###.....###.####.###
###........##.# #......#
#.######.##.########.# #.#
#.##..# #.#


You could see Natasha.

Vanquished Creatures
  Natasha (D:3)
  4 adders (D:2)
  An ooze (D:1)
  A worm (D:3)
  3 dart slugs
  A leopard gecko (D:1)
  11 orcs
  A ball python (D:1)
  3 giant cockroaches
  11 goblins
  5 hobgoblins
  10 kobolds
  A quokka (D:3)
  7 bats
  3 frilled lizards
  5 rats
68 creatures vanquished.

Vanquished Creatures (collateral kills)
  Natasha (D:3)
  A worm (D:2)
  A dart slug (D:2)
  A leopard gecko (D:3)
  2 orcs (D:3)
  A goblin (D:2)
  A quokka (D:3)
  A frilled lizard (D:3)
  A kobold (D:1)
10 creatures vanquished.

Grand Total: 78 creatures vanquished

Notes
Turn   | Place    | Note
-------+----------+-------------------------------------------
     0 | D:1      | Hook the Draconian Wizard began the quest for the Orb.
     0 | D:1      | Reached XP level 1. HP: 14/14 MP: 4/4
   481 | D:1      | Reached XP level 2. HP: 20/20 MP: 4/6
  1002 | D:1      | Reached XP level 3. HP: 26/26 MP: 2/8
  1277 | D:1      | Learned a level 2 spell: Blink
  1280 | D:1      | Learned a level 2 spell: Call Imp
  1514 | D:2      | Reached skill level 1 in Axes
  1926 | D:2      | Reached XP level 4. HP: 28/34 MP: 3/9
  2400 | D:2      | Found a shimmering altar of Xom.
  2459 | D:3      | Noticed Natasha
  2901 | D:3      | Reached skill level 1 in Fighting
  3200 | D:3      | Reached XP level 5. HP: 29/40 MP: 3/10
  3308 | D:3      | Killed Natasha
  3308 | D:3      | Reached skill level 4 in Spellcasting
  3522 | D:3      | Noticed Natasha
  3586 | D:3      | Killed Natasha
  3593 | D:3      | Noticed Natasha
  3632 | D:3      | Killed from afar by Natasha

Skill      XL: |  1  2  3  4  5 |
---------------+----------------+-----
Dodging        | 2 |  2.8
Axes           | 1 |  1.8
Stealth        | 2 |  2.2
Fighting       | 1 |  1.2
Spellcasting   | 4 |  4.0
Conjurations   | |  1.7
Summonings     | |  1.2
Translocations | |  1.1

Action                   |  1- 3 |  4- 6 || total
-------------------------+-------+-------++-------
Melee: Hand axe          |    77 |    93 ||   170
       Tailslap          |     5 |     5 ||    10
 Cast: Magic Dart        |    62 |    45 ||   107
       Call Imp          |     4 |    21 ||    25
       Blink             |     2 |       ||     2
  Use: Scroll            |     4 |     1 ||     5
 Stab: Sleeping          |       |     1 ||     1
       Distracted        |       |     1 ||     1
  Eat: Chunk             |     3 |     2 ||     5
       Fruit             |     1 |       ||     1
       Bread ration      |       |     1 ||     1
Armor: Skin              |    28 |    49 ||    77
Dodge: Dodged            |    58 |    77 ||   135
